APP
BLUEFIELD BLUE JAYS @ DETROIT (APP) TIGERS
07/09/2046
 
TOP OF THE 1ST
Bluefield Blue Jays batting - Pitching for Detroit (APP) Tigers : RHP Alvaro Patino
Pitching: RHP Alvaro Patino
Batting: RHB Braydon Pinsent 0-0: Ground out 6-3 (Groundball, 6, EV 89.4 MPH)
Batting: RHB Stephen Casteel 0-0: SOLO HOME RUN (Flyball, 78XD, EV 100.6 MPH), Distance : 402 ft
Batting: LHB Lothar Middelkoop 0-0: Fly out, F7 (Flyball, 7S, EV 91.9 MPH)
Batting: LHB Kurt Estep 0-0: SINGLE (Groundball, 6M, EV 99.4 MPH)
Batting: LHB Eric Toney 0-0: Ball
1-0: Called Strike
Kurt Estep steals 2nd base
1-1: Called Strike
1-2: Ball
2-2: Strikes out swinging
Top of the 1st over - 1 run, 2 hits, 0 errors, 1 left on base; Bluefield 1 - Detroit (APP) 0
BOTTOM OF THE 1ST
Detroit (APP) Tigers batting - Pitching for Bluefield Blue Jays : RHP Bob Markle
Pitching: RHP Bob Markle
Batting: LHB Timotheus Young 0-0: Ball
1-0: Ground out 5-3 (Groundball, 5, EV 104.4 MPH)
Batting: RHB Yasutaka Yamasaki 0-0: DOUBLE (Groundball, 5L, EV 105.6 MPH)
Batting: RHB Norm Wood 0-0: Ball
1-0: Foul Ball, location: 2F
1-1: Ball
2-1: Called Strike
2-2: Ball
Wild Pitch!
Yasutaka Yamasaki to third
3-2: Ground out 4-3 (Groundball, 4, EV 78.8 MPH)
Yasutaka Yamasaki scores
Batting: RHB German Quiroga 0-0: Fly out, F7 (Line Drive, 78M, EV 85.0 MPH)
Bottom of the 1st over - 1 run, 1 hit, 0 errors, 0 left on base; Bluefield 1 - Detroit (APP) 1
TOP OF THE 2ND
Bluefield Blue Jays batting - Pitching for Detroit (APP) Tigers : RHP Alvaro Patino
Batting: SHB Dominik Hasek II 0-0: SINGLE (Flyball, 8LS, EV 91.2 MPH)
Batting: RHB Carlos Bravo 0-0: Ball
1-0: Called Strike
Dominik Hasek II steals 2nd base (no throw)
1-1: Called Strike
1-2: Foul Ball, location: 2F
1-2: Ball
2-2: Ball
3-2: Ground out U3 (Groundball, 34S, EV 73.8 MPH)
Dominik Hasek II to third
Batting: RHB Shunsuke Shiba Inu 0-0: Ball
1-0: Called Strike
1-1: Ball
2-1: Ball
3-1: Base on Balls
Batting: RHB David Cooper 0-0: Ball
1-0: Called Strike
1-1: Hit by Pitch
Shunsuke Shiba Inu to second
Batting: RHB Braydon Pinsent 0-0: Ball
1-0: Fly out, F9 (Flyball, 9S, EV 87.5 MPH)
Batting: RHB Stephen Casteel 0-0: Called Strike
0-1: Called Strike
0-2: Ball
1-2: Strikes out swinging
Top of the 2nd over - 0 runs, 1 hit, 0 errors, 3 left on base; Bluefield 1 - Detroit (APP) 1
BOTTOM OF THE 2ND
Detroit (APP) Tigers batting - Pitching for Bluefield Blue Jays : RHP Bob Markle
Batting: RHB Juan Acero 0-0: Foul Ball, location: 2F
0-1: Ball
1-1: Foul Ball, location: 2F
1-2: Strikes out swinging
Batting: LHB Isao Fukui 0-0: Called Strike
0-1: Ball
1-1: Ball
2-1: Ground out 2-3 (Groundball, 2L, EV 63.8 MPH)
Batting: RHB Nate Dabney 0-0: Ball
1-0: Ball
2-0: Called Strike
2-1: Fly out, F3 (Line Drive, 3, EV 63.1 MPH)
Bottom of the 2nd over - 0 runs, 0 hits, 0 errors, 0 left on base; Bluefield 1 - Detroit (APP) 1
TOP OF THE 3RD
Bluefield Blue Jays batting - Pitching for Detroit (APP) Tigers : RHP Alvaro Patino
Batting: LHB Lothar Middelkoop 0-0: Fly out, F7 (Flyball, 78S, EV 86.2 MPH)
Batting: LHB Kurt Estep 0-0: Foul Ball, location: 2F
0-1: Ball
1-1: Swinging Strike
1-2: Foul Ball, location: 2F
1-2: Foul Ball, location: 2F
1-2: Ground out 6-3 (Groundball, 6, EV 101.2 MPH)
Batting: LHB Eric Toney 0-0: Foul Ball, location: 2F
0-1: Called Strike
0-2: Ball
1-2: SINGLE (Groundball, 4MD, EV 100.0 MPH)
Batting: SHB Dominik Hasek II 0-0: DOUBLE (Line Drive, 8LXD, EV 102.5 MPH)
Eric Toney to third
Batting: RHB Carlos Bravo 0-0: Ball
1-0: Called Strike
1-1: Ground out 4-3 (Groundball, 4, EV 83.8 MPH)
Top of the 3rd over - 0 runs, 2 hits, 0 errors, 2 left on base; Bluefield 1 - Detroit (APP) 1
BOTTOM OF THE 3RD
Detroit (APP) Tigers batting - Pitching for Bluefield Blue Jays : RHP Bob Markle
Batting: RHB Adam Fisher 0-0: Called Strike
0-1: Called Strike
0-2: Ball
1-2: Foul Ball, location: 2F
1-2: Ball
2-2: Ground out 6-3 (Groundball, 6D, EV 100.6 MPH)
Batting: RHB Yankel Pensak 0-0: Called Strike
0-1: Foul Ball, location: 2F
0-2: Ball
1-2: Ball
2-2: Strikes out swinging
Batting: LHB Timotheus Young 0-0: Ball
1-0: Ball
2-0: Ball
3-0: Called Strike
3-1: Base on Balls
Batting: RHB Yasutaka Yamasaki 0-0: Ball
Timotheus Young steals 2nd base
1-0: Fly out, F6 (Popup, 4M, EV 62.5 MPH)
Bottom of the 3rd over - 0 runs, 0 hits, 0 errors, 1 left on base; Bluefield 1 - Detroit (APP) 1
TOP OF THE 4TH
Bluefield Blue Jays batting - Pitching for Detroit (APP) Tigers : RHP Alvaro Patino
Batting: RHB Shunsuke Shiba Inu 0-0: Ball
1-0: Ball
2-0: Called Strike
2-1: Ball
3-1: Base on Balls
Batting: RHB David Cooper 0-0: Foul Ball, location: 2F
0-1: Swinging Strike
0-2: Fielders Choice at 2nd, 4-6 (Groundball, 4, EV 100.6 MPH)
Batting: RHB Braydon Pinsent 0-0: Ball
1-0: Called Strike
1-1: Ball
2-1: Grounds into double play, 4-6-3 (Groundball, 4, EV 106.2 MPH)
Top of the 4th over - 0 runs, 0 hits, 0 errors, 0 left on base; Bluefield 1 - Detroit (APP) 1
BOTTOM OF THE 4TH
Detroit (APP) Tigers batting - Pitching for Bluefield Blue Jays : RHP Bob Markle
Batting: RHB Norm Wood 0-0: Foul Ball, location: 2F
0-1: Ball
1-1: Fly out, F7 (Flyball, 7LS, EV 80.6 MPH)
Batting: RHB German Quiroga 0-0: Ball
1-0: Ball
2-0: Ground out U3 (Groundball, 34S, EV 85.0 MPH)
Batting: RHB Juan Acero 0-0: Called Strike
0-1: Called Strike
0-2: Ball
1-2: Strikes out looking
Bottom of the 4th over - 0 runs, 0 hits, 0 errors, 0 left on base; Bluefield 1 - Detroit (APP) 1
TOP OF THE 5TH
Bluefield Blue Jays batting - Pitching for Detroit (APP) Tigers : RHP Alvaro Patino
Batting: RHB Stephen Casteel 0-0: Swinging Strike
0-1: Ball
1-1: Foul Ball, location: 2F
1-2: Ground out 4-3 (Groundball, 34D, EV 106.9 MPH)
Batting: LHB Lothar Middelkoop 0-0: Ball
1-0: SOLO HOME RUN (Flyball, 89XD, EV 101.9 MPH), Distance : 400 ft
Batting: LHB Kurt Estep 0-0: Ball
1-0: Foul Ball, location: 2F
1-1: Called Strike
1-2: Foul Ball, location: 2F
1-2: Ground out 6-3 (Groundball, 56, EV 85.0 MPH)
Batting: LHB Eric Toney 0-0: Called Strike
0-1: Swinging Strike
0-2: Foul Ball, location: 2F
0-2: Ball
1-2: Ball
2-2: Ball
3-2: Base on Balls
Pitching: RHP Alex Amparo
Batting: SHB Dominik Hasek II 0-0: DOUBLE (Flyball, 78XD, EV 102.5 MPH)
Eric Toney to third
Batting: RHB Carlos Bravo 0-0: Called Strike
0-1: Ball
1-1: Ground out 5-3 (Groundball, 5S, EV 83.8 MPH)
Top of the 5th over - 1 run, 2 hits, 0 errors, 2 left on base; Bluefield 2 - Detroit (APP) 1
BOTTOM OF THE 5TH
Detroit (APP) Tigers batting - Pitching for Bluefield Blue Jays : RHP Bob Markle
Batting: LHB Isao Fukui 0-0: Ball
1-0: Swinging Strike
1-1: Foul Ball, location: 2F
1-2: Foul Ball, location: 2F
1-2: Foul Ball, location: 2F
1-2: Strikes out swinging
Batting: RHB Nate Dabney 0-0: Swinging Strike
0-1: Foul Ball, location: 2F
0-2: Ball
1-2: Foul Ball, location: 2F
1-2: Ball
2-2: Foul Ball, location: 2F
2-2: Fly out, F3 (Line Drive, 3L, EV 67.5 MPH)
Batting: RHB Adam Fisher 0-0: Swinging Strike
0-1: Swinging Strike
0-2: Foul Ball, location: 2F
0-2: Strikes out swinging
Bottom of the 5th over - 0 runs, 0 hits, 0 errors, 0 left on base; Bluefield 2 - Detroit (APP) 1
TOP OF THE 6TH
Bluefield Blue Jays batting - Pitching for Detroit (APP) Tigers : RHP Alex Amparo
Batting: RHB Shunsuke Shiba Inu 0-0: Foul Ball, location: 2F
0-1: Called Strike
0-2: Foul Ball, location: 2F
0-2: Ball
1-2: Strikes out swinging
Batting: RHB David Cooper 0-0: Ball
1-0: Foul Ball, location: 2F
1-1: Ball
2-1: Ground out 6-3 (Groundball, 6S, EV 87.5 MPH)
Batting: RHB Braydon Pinsent 0-0: Ball
1-0: Ball
2-0: Ball
3-0: Base on Balls
Batting: RHB Stephen Casteel 0-0: Called Strike
0-1: Swinging Strike
0-2: Ball
1-2: Ball
2-2: Foul Ball, location: 2F
2-2: Foul Ball, location: 2F
2-2: Foul Ball, location: 2F
2-2: Ball
3-2: Base on Balls
Braydon Pinsent to second
Pitching: RHP Matt Haberle
Batting: LHB Lothar Middelkoop 0-0: Reached via error on a dropped throw from 1B, E1 (Groundball, 34S, EV 86.2 MPH)
Braydon Pinsent to third
Stephen Casteel to second
Batting: LHB Kurt Estep 0-0: Ground out 6-3 (Groundball, 6MS, EV 88.1 MPH)
Top of the 6th over - 0 runs, 0 hits, 1 error, 3 left on base; Bluefield 2 - Detroit (APP) 1
BOTTOM OF THE 6TH
Detroit (APP) Tigers batting - Pitching for Bluefield Blue Jays : RHP Bob Markle
Batting: RHB Yankel Pensak 0-0: Ground out 6-3 (Groundball, 56D, EV 103.8 MPH)
Batting: LHB Timotheus Young 0-0: Fly out, F8 (Flyball, 8LM, EV 83.1 MPH)
Batting: RHB Yasutaka Yamasaki 0-0: Swinging Strike
0-1: Ball
1-1: Swinging Strike
1-2: Strikes out swinging
Bottom of the 6th over - 0 runs, 0 hits, 0 errors, 0 left on base; Bluefield 2 - Detroit (APP) 1
TOP OF THE 7TH
Bluefield Blue Jays batting - Pitching for Detroit (APP) Tigers : RHP Matt Haberle
Batting: LHB Eric Toney 0-0: Ball
1-0: Ball
2-0: Called Strike
2-1: Hit by Pitch
Batting: SHB Dominik Hasek II 0-0: Bunted foul
0-1: Ball
1-1: Ball
2-1: Bunted foul
2-2: Strikes out swinging
Batting: RHB Carlos Bravo 0-0: Called Strike
0-1: Foul Ball, location: 2F
0-2: Foul Ball, location: 2F
0-2: Foul Ball, location: 2F
0-2: Hit by Pitch
Eric Toney to second
Batting: RHB Shunsuke Shiba Inu 0-0: Ball
1-0: Fly out, F8 (Line Drive, 8RD, EV 91.2 MPH)
Pitching: RHP Bert Hernandez
Batting: RHB David Cooper 0-0: Called Strike
0-1: Ball
1-1: Swinging Strike
1-2: Foul Ball, location: 2F
1-2: Ball
2-2: Ball
3-2: Foul Ball, location: 2F
3-2: Foul Ball, location: 2F
3-2: Ground out 6-3 (Groundball, 6, EV 76.9 MPH)
Top of the 7th over - 0 runs, 0 hits, 0 errors, 2 left on base; Bluefield 2 - Detroit (APP) 1
BOTTOM OF THE 7TH
Detroit (APP) Tigers batting - Pitching for Bluefield Blue Jays : RHP Bob Markle
Batting: RHB Norm Wood 0-0: SOLO HOME RUN (Flyball, 7D, EV 96.9 MPH), Distance : 360 ft
Batting: RHB German Quiroga 0-0: Fly out, F9 (Flyball, 9LS, EV 90.6 MPH)
Batting: RHB Juan Acero 0-0: Ball
1-0: Ball
2-0: Ball
3-0: Base on Balls
Batting: LHB Isao Fukui 0-0: Grounds into double play, 6-4-3 (Groundball, 6M, EV 83.1 MPH)
Bottom of the 7th over - 1 run, 1 hit, 0 errors, 0 left on base; Bluefield 2 - Detroit (APP) 2
TOP OF THE 8TH
Bluefield Blue Jays batting - Pitching for Detroit (APP) Tigers : RHP Bert Hernandez
Batting: RHB Braydon Pinsent 0-0: SINGLE (Line Drive, 7S, EV 91.2 MPH)
Batting: RHB Stephen Casteel 0-0: Ball
Braydon Pinsent steals 2nd base
1-0: Ball
2-0: 2-RUN HOME RUN (Flyball, 7D, EV 96.2 MPH), Distance : 363 ft
Batting: LHB Lothar Middelkoop 0-0: Ball
1-0: Foul Ball, location: 2F
1-1: Ball
2-1: Ball
3-1: Base on Balls
Batting: LHB Kurt Estep 0-0: Ball
1-0: Called Strike
1-1: SINGLE (Groundball, 34D, EV 100.0 MPH)
Lothar Middelkoop to second
Runner from 2nd tries for 3rd, SAFE, throw by RF made to third
Batting: LHB Eric Toney 0-0: Ball
1-0: Foul Ball, location: 2F
1-1: Called Strike
1-2: Ball
2-2: Grounds into double play, 5-4-3 (Groundball, 56, EV 97.5 MPH)
Lothar Middelkoop scores
Batting: SHB Dominik Hasek II 0-0: Ball
1-0: Foul Ball, location: 2F
1-1: Foul Ball, location: 2F
1-2: Strikes out swinging
Top of the 8th over - 3 runs, 3 hits, 0 errors, 0 left on base; Bluefield 5 - Detroit (APP) 2
BOTTOM OF THE 8TH
Detroit (APP) Tigers batting - Pitching for Bluefield Blue Jays : RHP Bob Markle
Batting: RHB Nate Dabney 0-0: Ball
1-0: Ball
2-0: DOUBLE (Flyball, 8LXD, EV 102.5 MPH)
Batting: RHB Adam Fisher 0-0: Called Strike
0-1: Foul Ball, location: 2F
0-2: Foul Ball, location: 2F
0-2: Ball
1-2: Ball
2-2: Ground out 4-3 (Groundball, 4, EV 102.5 MPH)
Nate Dabney to third
Batting: RHB Yankel Pensak 0-0: Ball
1-0: Ball
2-0: Called Strike
2-1: Ball
3-1: Swinging Strike
3-2: Base on Balls
Pinch Hitting: RHB Jose Evangelista 0-0: SINGLE (Groundball, 6MD, EV 97.5 MPH)
Nate Dabney scores
Yankel Pensak to second
Runner from 2nd tries for 3rd, SAFE, throw by CF made to third
Pinch Hitting: SHB Jean-Luc Legros 0-0: Ball
1-0: Called Strike
1-1: Swinging Strike
1-2: Ball
2-2: Ball
3-2: Base on Balls
Jose Evangelista to second
Pitching: RHP Oswaldo Vasquez
Batting: RHB Norm Wood 0-0: Called Strike
0-1: Grounds into fielders choice 3-2 (Groundball, 34, EV 86.2 MPH)
Jose Evangelista to third
Jean-Luc Legros to second
Batting: RHB German Quiroga 0-0: Ball
1-0: Ball
2-0: Ball
3-0: Base on Balls
Jose Evangelista scores
Jean-Luc Legros to third
Norm Wood to second
Batting: RHB Juan Acero 0-0: Called Strike
0-1: Called Strike
0-2: Strikes out swinging
Bottom of the 8th over - 2 runs, 2 hits, 0 errors, 3 left on base; Bluefield 5 - Detroit (APP) 4
TOP OF THE 9TH
Bluefield Blue Jays batting - Pitching for Detroit (APP) Tigers : RHP Bert Hernandez
Now at 1B: Jean-Luc Legros
Now in LF: Nate Dabney
Now in CF: Isao Fukui
Now in RF: Jose Evangelista
Batting: RHB Carlos Bravo 0-0: Ball
1-0: Swinging Strike
1-1: Ball
2-1: Swinging Strike
2-2: Foul Ball, location: 2F
2-2: Ball
3-2: Base on Balls
Batting: RHB Shunsuke Shiba Inu 0-0: DOUBLE (Flyball, 8RXD, EV 103.8 MPH)
Carlos Bravo to third
Batting: RHB David Cooper 0-0: 3-RUN HOME RUN (Flyball, 78XD, EV 101.9 MPH), Distance : 405 ft
Batting: RHB Braydon Pinsent 0-0: Foul Ball, location: 2F
0-1: Ball
1-1: SINGLE (Groundball, 34D, EV 96.9 MPH)
Batting: RHB Stephen Casteel 0-0: Ball
1-0: Ball
2-0: Ball
Wild Pitch!
Braydon Pinsent to second
3-0: Base on Balls
Batting: LHB Lothar Middelkoop 0-0: SINGLE (Groundball, 5D, EV 99.4 MPH)
Braydon Pinsent to third
Stephen Casteel to second
Batting: LHB Kurt Estep 0-0: SINGLE (Line Drive, 8LS, EV 93.8 MPH)
Braydon Pinsent scores
Stephen Casteel to third
Lothar Middelkoop to second
Runner from 3rd tries for Home, SAFE, throw by CF to home
Pitching: RHP Chris Wilkerson
Batting: LHB Eric Toney 0-0: Ball
1-0: Foul Ball, location: 2F
1-1: Foul Ball, location: 2F
1-2: Strikes out swinging
Batting: SHB Dominik Hasek II 0-0: Ball
1-0: Ball
2-0: Fielders Choice at 2nd, 4-6 (Groundball, 4, EV 86.2 MPH)
Lothar Middelkoop to third
Batting: RHB Carlos Bravo 0-0: Ball
Dominik Hasek II steals 2nd, throwing error, E2
Lothar Middelkoop scores
Dominik Hasek II to third
1-0: Called Strike
1-1: Ball
2-1: Ball
3-1: Ground out 6-3 (Groundball, 56, EV 103.1 MPH)
Top of the 9th over - 6 runs, 5 hits, 1 error, 1 left on base; Bluefield 11 - Detroit (APP) 4
BOTTOM OF THE 9TH
Detroit (APP) Tigers batting - Pitching for Bluefield Blue Jays : RHP Oswaldo Vasquez
Batting: LHB Isao Fukui 0-0: Foul Ball, location: 2F
0-1: SINGLE (Line Drive, 89S, EV 97.5 MPH)
Batting: RHB Nate Dabney 0-0: Ball
1-0: Ball
2-0: Called Strike
2-1: Foul Ball, location: 2F
2-2: Foul Ball, location: 2F
2-2: Strikes out swinging
Batting: RHB Kevin Steed 0-0: Ball
1-0: Foul Ball, location: 2F
1-1: Ball
2-1: Ball
3-1: Base on Balls
Isao Fukui to second
Pinch Hitting: LHB Afanasy Zasekin 0-0: Ball
1-0: Called Strike
1-1: Called Strike
1-2: Ball
2-2: Strikes out swinging
Batting: RHB Jose Evangelista 0-0: Called Strike
0-1: Ball
1-1: Fly out, F4 (Flyball, 4MD, EV 95.0 MPH)
Bottom of the 9th over - 0 runs, 1 hit, 0 errors, 2 left on base; Bluefield 11 - Detroit (APP) 4
Tuesday, September 13th , 2022 - OOTP Baseball 23.7 Build 88